 Dungeon Crawl Stone Soup version 0.20-a0-493-g19c8d8d (webtiles) character file.

242 kidcy the Slasher (level 6, -1/49 HPs)
             Began as a Formicid Fighter on Jan 16, 2017.
             Was an Initiate of Ashenzari.
             Killed by divine providence
             ... invoked by an orc priest
              (17 damage)
             ... on level 5 of the Dungeon.
             The game lasted 00:07:05 (2551 turns).

kidcy the Slasher (Formicid Fighter)                Turns: 2551, Time: 00:07:06

Health: -1/49      AC:  7    Str: 20    XL:     6   Next: 30%
Magic:  6/6        EV:  9    Int:  8    God:    Ashenzari [......]
Gold:   159        SH: 10    Dex: 18    Spells: 5/5 levels left

rFire    . . .     SeeInvis +   a - +0 long sword
rCold    . . .     Gourm    .   s - +0 ring mail (curse)
rNeg     . . .     Faith    .   c - +0 shield
rPois    .         Spirit   .   (helmet unavailable)
rElec    .         Reflect  .   (no cloak)
rCorr    .         Harm     .   (no gloves)
MR       .....                  y - +0 pair of boots
Stlth    +.........             (no amulet)
Regen    0.2/turn               (no ring)
                                e - +6 ring of dexterity

@: no status effects
A: permanent stasis, dig shafts and tunnels, four strong arms, antennae 3
a: Dig, Shaft Self, Curse Item, Renounce Religion


You were on level 5 of the Dungeon.
You worshipped Ashenzari.
Ashenzari was noncommittal.
You were hungry.

You visited 2 branches of the dungeon, and saw 6 of its levels.

You collected 159 gold pieces.

Inventory:

Hand Weapons
 a - a +0 long sword (weapon)
Missiles
 m - 4 silver javelins (quivered)
Armour
 b - a +0 scale mail
 c - a +0 shield (worn)
 s - a cursed +0 ring mail (worn)
 y - a +0 pair of boots (worn)
Jewellery
 e - a +6 ring of dexterity (left hand)
Scrolls
 g - 2 scrolls of remove curse
 k - 4 scrolls of identify {unknown}
 o - a scroll of random uselessness {unknown}
 p - a scroll of enchant weapon {unknown}
 q - a scroll of recharging {unknown}
 r - a scroll of fog {unknown}
 t - 2 scrolls of blinking {unknown}
 w - 2 scrolls of noise {unknown}
 A - 3 scrolls of magic mapping {unknown}
Potions
 d - a potion of might
 h - a potion of berserk rage {unknown}
 i - a potion of mutation {unknown}
 j - a potion of invisibility {unknown}
 n - a potion of degeneration {unknown}
 u - 2 potions of lignification {unknown}
 v - a potion of heal wounds {unknown}
 z - a potion of curing {unknown}
Comestibles
 f - 2 bread rations
 l - a beef jerky
 x - a royal jelly


   Skills:
 + Level 4.3 Fighting
 * Level 4.6 Long Blades
 + Level 4.5 Armour
 - Level 0.5 Dodging
 - Level 3.6 Shields


You had 5 spell levels left.
You didn't know any spells.

Dungeon Overview and Level Annotations

Branches:
Dungeon (6/15)             Temple (1/1) D:5

Altars:
Ashenzari
Dithmenos
Elyvilon
Fedhas
Gozag
Kikubaaqudgha
Makhleb
Okawaru
Ru
Sif Muna
Trog
Uskayaw
Yredelemnul
Zin
The Shining One


Innate Abilities, Weirdness & Mutations

You cannot be hasted, slowed, berserked, paralysed or teleported.
You can dig through walls and to a lower floor.
Your four strong arms can wield two-handed weapons with a shield.
You have a pair of large antennae on your head. (SInv)


Message History

z - a cyan potion
u - 2 fizzy purple potions (gained 1)
You are feeling hungry.
A - 3 scrolls labeled XOASTR WEDD You now have 159 gold pieces (gained 11).
An orc priest comes into view.
The orc priest shouts!
The orc priest calls down the wrath of Beogh upon you.
Beogh smites you!
An orc comes into view.
Ashenzari warns you: It is wielding a hand axe of chopping.
There are monsters nearby!
The orc priest looks braver for a moment.
The orc priest invokes the aid of Beogh against you.
Beogh smites you!
The orc priest calls down the wrath of Beogh upon you.
Beogh smites you!
The orc priest mumbles some strange prayers to Beogh against you.
Beogh smites you!
You die...

.......≈# #≈..........#
.......≈## ##≈..........#
.......≈≈####≈≈......(...#
#.......≈≈≈≈≈≈..........##
#........................#
#.......o...............#
##......................#
##.....................#
##...........@........#
##..................##
#######...........##
#############


You could see an orc priest.

Vanquished Creatures
  A jelly (D:5)
  A centaur zombie (D:5)
  An iguana (D:5)
  2 worker ants (D:5)
  5 adders (D:2)
  An ooze (D:2)
  A worm (D:2)
  A dart slug (D:1)
  2 ball pythons (D:2)
  7 bats
  9 hobgoblins
  3 kobolds
  A quokka (D:5)
  4 frilled lizards
  8 goblins
  A quokka zombie (D:5)
  9 rats
57 creatures vanquished.

Notes
Turn   | Place    | Note
-------+----------+-------------------------------------------
     0 | D:1      | kidcy the Formicid Fighter began the quest for the Orb.
     0 | D:1      | Reached XP level 1. HP: 18/18 MP: 1/1
   115 | D:1      | Reached XP level 2. HP: 21/24 MP: 2/2
   381 | D:1      | Reached XP level 3. HP: 26/29 MP: 3/3
   688 | D:2      | Found an opulent altar of Gozag.
   843 | D:2      | Reached XP level 4. HP: 33/37 MP: 4/4
  1229 | D:2      | Reached XP level 5. HP: 21/42 MP: 5/5
  1686 | D:3      | You fall through a shaft for 3 floors!
  1686 | D:6      | Found a glowing silver altar of Zin.
  1692 | D:5      | Entered Level 5 of the Dungeon
  2102 | D:5      | Found a staircase to the Ecumenical Temple.
  2116 | Temple   | Entered the Ecumenical Temple
  2201 | Temple   | Became a worshipper of Ashenzari the Shackled
  2238 | D:5      | Found a shadowy altar of Dithmenos.
  2342 | D:5      | Reached XP level 6. HP: 31/48 MP: 6/6
  2551 | D:5      | Killed from afar by an orc priest

Vault maps used:
D:1:      ncdulo_halloftheorcs, minmay_split_cup_small
D:2:      nicolae_gozag_seed_capital
D:3:      first_bread, xom_teletrap_fun, uniq_robin
D:5:      kennysheep_decorative_pillar, nicolae_dithmenos_the_darkroom
D:6:      grunt_temple_overflow_order_and_chaos_1, grunt_temple_overflow_open,
          minmay_misc_feat_tower
Temple:   hc_temple_tempest_star

Skill      XL: |  1  2  3  4  5 |
---------------+----------------+-----
Long Blades    | 3 4 |  4.6
Armour         | 4 |  4.5
Fighting       | 4 |  4.3
Dodging        | |  0.5
Shields        | |  3.6

Action                   |  1- 3 |  4- 6 || total
-------------------------+-------+-------++-------
Melee: Long sword        |    84 |    97 ||   181
 Abil: Dig               |     3 |       ||     3
       Shaft Self        |       |     1 ||     1
  Eat: Chunk             |     1 |     1 ||     2
       Bread ration      |       |     1 ||     1
Armor: Scale mail        |    41 |     3 ||    44
       Ring mail         |       |    26 ||    26
Dodge: Dodged            |    18 |    37 ||    55
Block: Shield            |    55 |    49 ||   104
       Rpst.: Long sword |     4 |    19 ||    23
